 Dungeon Crawl Stone Soup version 0.28.0-53-g5a82cb258f (webtiles) character file.

Game seed: 7022164703559949065

119 Zeld the Conjurer (level 4, -6/24 HPs)
             Began as a Deep Elf Conjurer on May 25, 2022.
             Killed by nerve-wracking pain
             ... invoked by Grinder
              (11 damage)
             ... on level 3 of the Dungeon.
             The game lasted 00:03:08 (2770 turns).

Zeld the Conjurer (Deep Elf Conjurer)               Turns: 2770, Time: 00:03:09

Health: -6/24      AC:  4    Str:  4    XL:     4   Next: 73%
Magic:  2/12       EV: 12    Int: 25    God:
Gold:   22         SH:  0    Dex: 13    Spells: 1/12 levels left

rFire   . . .      SeeInvis .   (no weapon)
rCold   . . .      Faith    .   (no shield)
rNeg    . . .      Spirit   .   a - +0 robe
rPois   .          Reflect  .   (no helmet)
rElec   .          Harm     .   c - +0 cloak
rCorr   .          Rampage  .   f - +0 pair of gloves
Will    .....                   (no boots)
Stlth   ++........              (no amulet)
HPRegen 0.08/turn               (no ring)
MPRegen 0.13/turn               (no ring)

@: no status effects
A: no striking features
a: no special abilities


You were on level 3 of the Dungeon.
You visited 1 branch of the dungeon, and saw 3 of its levels.

You collected 50 gold pieces.
You spent 28 gold pieces at shops.

Inventory:

Armour
 a - a +0 robe (worn)
 c - a +0 cloak (worn)
 f - a +0 pair of gloves (worn)
Scrolls
 b - a scroll of immolation {unknown}
 d - 6 scrolls of identify
 g - a scroll of magic mapping {unknown}
 j - a scroll of blinking {unknown}
 k - a scroll of vulnerability {unknown}
 l - 3 scrolls of fog {unknown}
Potions
 e - 3 potions of lignification {unknown}
 h - a potion of haste {unknown}
 i - a potion of attraction {unknown}


   Skills:
 - Level 2.4 Dodging
 - Level 2.4 Stealth
 + Level 4.5 Spellcasting
 + Level 5.3 Conjurations
 - Level 2.0 Hexes
 - Level 2.0 Translocations


You had one spell level left.
You knew the following spells:

 Your Spells              Type           Power      Damage    Failure   Level
a - Magic Dart            Conj           100%       1d8       1%          1
b - Searing Ray           Conj           64%        2d6       1%          2
c - Fulminant Prism       Conj/Hex       11%        3d9       19%         4
d - Iskenderun's Mystic   Conj/Tloc      23%        2d6       19%         4

Your spell library contained the following spells:

 Spells                   Type           Power      Damage    Failure   Level
 Sandblast                Erth           10%        2d5       9%          1
 Dazzling Flash           Conj/Hex       46%        N/A       6%          3
 Stone Arrow              Conj/Erth      36%        3d9       9%          3
 Passwall                 Tmut/Erth      4%         N/A       13%         2


Dungeon Overview and Level Annotations

Branches:
Dungeon (3/15)

Altars:

Shops:
D:1 (   D:2 ?

Annotations:
D:3 Grinder


Message History

Casting: Magic Dart (safe; 1% risk of failure)
Confirm with . or Enter, or press ? or * to list all spells.
Aiming: Searing Ray (safe; 1% risk of failure)
Press: ? - help, Shift-Dir - straight line, f - Grinder
Aim: Grinder (black smoke, 78% to hit)
The searing ray hits Grinder!
Grinder is moderately wounded. (Press . to maintain the ray.) Grinder blinks!
Casting: Searing Ray (safe; 1% risk of failure)
Confirm with . or Enter, or press ? or * to list all spells.
Restarting spell: Searing Ray (safe; 1% risk of failure)
Press: ? - help, Shift-Dir - straight line, f/p - Grinder
Aim: Grinder (moderately wounded, 78% to hit)
The searing ray hits Grinder.
Grinder is heavily wounded. (Press . to maintain the ray.) Grinder blinks!
Casting: Searing Ray (safe; 1% risk of failure)
Confirm with . or Enter, or press ? or * to list all spells.
Restarting spell: Searing Ray (safe; 1% risk of failure)
Press: ? - help, Shift-Dir - straight line, f/p - Grinder
Aim: Grinder (moderately wounded, 78% to hit)
The searing ray hits Grinder.
Grinder is heavily wounded. (Press . to maintain the ray.) Grinder gestures at you.
Pain shoots through your body!
The searing ray hits Grinder.
Grinder is severely wounded.
Grinder hits you.
* * * LOW HITPOINT WARNING * * *
You writhe in agony.
* * * LOW HITPOINT WARNING * * *
Unknown command.
The searing ray hits Grinder!
Grinder is almost dead.
Grinder gestures at you. Pain shoots through your body!
You die...

#........#
###.#........
#............
##.#..........
#..
#.............
...
#..†.....§....
...
#...)...§≈≈§≈≈
..
#.......≈§###
≈..... #
#.....@.≈##
≈..... #
#.#...5§§#
§§.... #
#....).§§#
§.....##
#......§§#
§.......
##......≈≈
§......#
#.......≈≈
§.......
#..........
........
##..........
.......<
........


You could see Grinder.

Vanquished Creatures
  Natasha (twice) (D:3)
  2 adders (D:2)
  2 worms (D:2)
  3 orcs (D:3)
  2 bats (D:1)
  8 endoplasms
  2 giant cockroaches (D:2)
  7 goblins
  A hobgoblin (D:3)
  3 kobolds
  2 quokkas (D:2)
  A ball python (D:2)
  5 frilled lizards
  3 rats (D:1)
43 creatures vanquished.

Vanquished Creatures (others)
  2 plants (D:1)
2 creatures vanquished.

Grand Total: 45 creatures vanquished

Notes
Turn   | Place    | Note
-------+----------+-------------------------------------------
     0 | D:1      | Zeld the Deep Elf Conjurer began the quest for the Orb.
     0 | D:1      | Reached XP level 1. HP: 10/10 MP: 6/6
   213 | D:1      | Reached skill level 1 in Hexes
   345 | D:1      | Reached XP level 2. HP: 15/15 MP: 6/8
   368 | D:1      | Reached skill level 1 in Translocations
   414 | D:1      | Learned a level 2 spell: Searing Ray
   463 | D:1      | Found Urphausu's Weapon Shoppe.
   617 | D:1      | Found a faded altar of an unknown god.
  1269 | D:2      | Found Neajan's Magic Scroll Boutique.
  1279 | D:2      | Bought a scroll of identify for 28 gold pieces
  1319 | D:2      | Reached XP level 3. HP: 14/19 MP: 4/9
  2242 | D:3      | Noticed Natasha
  2289 | D:3      | Killed Natasha
  2290 | D:3      | Reached skill level 5 in Conjurations
  2290 | D:3      | Reached XP level 4. HP: 24/24 MP: 6/12
  2477 | D:3      | Noticed Natasha
  2484 | D:3      | Killed Natasha
  2590 | D:3      | Noticed Grinder
  2596 | D:3      | Paralysed by Grinder for 4 turns
  2612 | D:2      | Learned a level 4 spell: Fulminant Prism
  2617 | D:2      | Learned a level 4 spell: Iskenderun's Mystic Blast
  2770 | D:3      | Killed from afar by Grinder

Illustrated notes

Levels and vault maps discovered:
D:1:      shiori_shiawase, layout_basic, serial_shops,
          nicolae_shop_bloodbath_and_beyond,
          shapermc_ecumenical_altar_mp_urbaneastern
D:2:      minmay_wonky_spiral, layout_rooms, serial_shops, shop
D:3:      layout_loops_cross, mainiacjoe_overflow_six_doors_small,
          kennysheep_decorative_pillar, uniq_robin, uniq_terence, uniq_natasha,
          uniq_grinder

Skill      XL: |  1  2  3 |
---------------+----------+-----
Hexes          | 1 2 |  2.0
Translocations | 1 2 |  2.0
Spellcasting   | 4 |  4.5
Conjurations   | 5 |  5.3
Dodging        | |  2.4
Stealth        | |  2.4

Action                   |  1- 3 |  4- 6 || total
-------------------------+-------+-------++-------
Melee: Unarmed           |    11 |     1 ||    12
 Cast: Magic Dart        |    16 |     4 ||    20
       Searing Ray       |    27 |    10 ||    37
 Stab: Sleeping          |     1 |       ||     1
Armor: Robe              |    14 |     1 ||    15
Dodge: Dodged            |    24 |     4 ||    28
